[Event "Titled Tuesday Blitz December 27 Early 2022"]
[White "Devaev, Alexander"]
[Black "Goltseva, Ekaterina"]
[WhiteFideId "4169395"]
[BlackFideId "24173770"]
[WhiteElo "2325"]
[BlackElo "2283"]
[Result "1-0"]
[Round "03"]
[TimeControl "180+2"]
[Date "2022.12.27"]
[WhiteClock "0:00:04"]
[BlackClock "0:00:02"]

1. Nf3 Nf6 2. c4 e6 3. b3 d5 4. Bb2 b6 5. e3 Bb7 6. Be2 c5 7. O-O Bd6 8. d3 O-O 9. Nbd2 Nc6 10. a3 Re8 11. Qc2 Rc8 12. Rfe1 e5 13. cxd5 Nxd5 14. Rac1 Qe7 15. Bf1 Bb8 16. Qb1 f6 17. Be2 Kh8 18. Bd1 Qf7 19. Bc2 Qh5 20. Ne4 Nce7 21. Ng3 Qg4 22. h3 Qd7 23. d4 cxd4 24. exd4 Nc3 25. Qa1 Bxf3 26. Bxc3 Bb7 27. dxe5 Nd5 28. Bb2 Bxe5 29. Bxe5 fxe5 30. Qb1 Qd6 31. Bxh7 Nf4 32. Rxc8 Rxc8 33. Be4 Bd5 34. b4 Qe6 35. Bf5 Qe8 36. Bxc8 Qxc8 37. f3 Qc3 38. Kh2 Qd2 39. Rg1 Qf2 40. Qe1 Qc2 41. Qxe5 Bxf3 42. Qxf4 Bc6 43. Qh4+ Kg8 44. Qd8+ Kh7 45. Qh4+ Kg8 46. Qg4 Kh8 47. Nf5 Qc3 48. Qh4+ Kg8 49. Qg5 Qe5+ 50. Kh1 Bxg2+ 51. Rxg2 Qe1+ 52. Kh2 Qe4 53. Qxg7# 1-0


[Site "https://www.chess.com"]

[Event "Titled Tuesday Blitz December 27 Early 2022"]
[White "Diaz, Fernando"]
[Black "Mathieu, Phileas"]
[WhiteFideId "3701255"]
[BlackFideId "36048410"]
[WhiteElo "2121"]
[BlackElo "2374"]
[Result "0-1"]
[Round "03"]
[TimeControl "180+2"]
[Date "2022.12.27"]
[WhiteClock "0:01:03"]
[BlackClock "0:02:12"]

1. e4 c5 2. d4 cxd4 3. c3 dxc3 4. Nxc3 Nc6 5. Bc4 d6 6. Nf3 a6 7. O-O Nf6 8. h3 e6 9. Qe2 Bd7 10. Rd1 b5 11. Bb3 Qb8 12. Bf4 Ne5 13. Bh2 Be7 14. Nd4 O-O 15. f4 Nc6 16. Nf3 Qb6+ 17. Kh1 Rac8 18. e5 Ne8 19. f5 exf5 20. exd6 Bf6 21. Nd5 Qb7 22. Rac1 a5 23. a4 bxa4 24. Bxa4 Qxb2 25. Rb1 Qxe2 26. g3 Qxf3+ 0-1


[Site "https://www.chess.com"]

[Event "Titled Tuesday Blitz December 27 Early 2022"]
[White "Dilmukhametov, Artur"]
[Black "Flis, Pawel"]
[WhiteFideId "24179922"]
[BlackFideId "1112864"]
[WhiteElo "2276"]
[BlackElo "1879"]
[Result "0-1"]
[Round "03"]
[TimeControl "180+2"]
[Date "2022.12.27"]
[WhiteClock "0:00:27"]
[BlackClock "0:00:22"]

1. d4 c5 2. d5 Nf6 3. c4 b5 4. b3 g6 5. Bb2 Bg7 6. e3 bxc4 7. Bxc4 d6 8. Nf3 O-O 9. O-O Ba6 10. Re1 Bxc4 11. bxc4 Nbd7 12. Qc2 Rb8 13. Nbd2 Rxb2 14. Qxb2 Ng4 15. Qc2 Bxa1 16. Rxa1 Qa5 17. e4 Rb8 18. Rb1 Rxb1+ 19. Qxb1 Nge5 20. Nxe5 Nxe5 21. Qb2 Nd3 22. Qc2 Nb4 23. Qb3 Qxa2 24. Qxa2 Nxa2 25. Kf1 e6 26. Ke2 exd5 27. exd5 f5 28. Kd3 Kf7 29. Kc2 Nb4+ 30. Kb3 Kf6 31. f4 h6 32. Ka4 g5 33. g3 gxf4 34. gxf4 Nd3 35. Kb5 Nxf4 36. Kc6 Ke5 37. Kb7 a5 38. Kb6 a4 39. Kb5 a3 40. Kc6 a2 41. Nb3 Nd3 42. Kb5 f4 43. Ka4 f3 44. Ka3 f2 45. Nd2 a1=Q+ 46. Kb3 Qb2+ 47. Ka4 Qxd2 48. h4 f1=Q 49. Ka3 Qb1 50. h5 Qda2# 0-1


[Site "https://www.chess.com"]

[Event "Titled Tuesday Blitz December 27 Early 2022"]
[White "Dimitrov, Atanas"]
[Black "Chigaev, Maksim"]
[WhiteFideId "2901315"]
[BlackFideId "4108116"]
[WhiteElo "2269"]
[BlackElo "2628"]
[Result "0-1"]
[Round "03"]
[TimeControl "180+2"]
[Date "2022.12.27"]
[WhiteClock "0:00:05"]
[BlackClock "0:00:09"]

1. Nf3 Nf6 2. c4 g6 3. g3 Bg7 4. Bg2 O-O 5. O-O c5 6. Nc3 Nc6 7. b3 e5 8. Bb2 d6 9. d3 h6 10. Nd2 Be6 11. e3 Qd7 12. Nde4 Ne8 13. Ne2 f5 14. N4c3 Bf7 15. Nd5 Kh7 16. Qd2 Nc7 17. Nec3 Ne6 18. Rfe1 Rab8 19. Ne2 b5 20. cxb5 Rxb5 21. Rac1 Ne7 22. Nxe7 Qxe7 23. Nc3 Rbb8 24. Nd5 Qd7 25. f4 Rbc8 26. Bc3 Nd8 27. Qb2 Nc6 28. a3 Ne7 29. Nxe7 Qxe7 30. b4 c4 31. e4 cxd3 32. exf5 gxf5 33. fxe5 dxe5 34. Rcd1 Bg6 35. Bxe5 Rfe8 36. Bxg7 Qxe1+ 37. Rxe1 Rxe1+ 38. Kf2 Re2+ 39. Qxe2 dxe2 40. Bd4 Rc2 41. Bf3 a6 42. Ke1 f4 43. Bxe2 fxg3 44. hxg3 Ra2 45. Bxa6 Rxa3 46. b5 Bd3 47. Kd2 Rb3 48. g4 Bxb5 49. Bxb5 Rxb5 50. Ke3 Kg6 51. Kf4 Rb4 52. Ke4 Kg5 53. Ke5 Kxg4 54. Be3 h5 0-1


[Site "https://www.chess.com"]

[Event "Titled Tuesday Blitz December 27 Early 2022"]
[White "Donskov, Anatoly"]
[Black "Movahed, Sina"]
[WhiteFideId "24143413"]
[BlackFideId "42520835"]
[WhiteElo "2279"]
[BlackElo "2340"]
[Result "0-1"]
[Round "03"]
[TimeControl "180+2"]
[Date "2022.12.27"]
[WhiteClock "0:00:03"]
[BlackClock "0:01:36"]

1. e4 c5 2. Nf3 d6 3. d4 cxd4 4. Nxd4 Nf6 5. Nc3 g6 6. Be3 Bg7 7. f3 O-O 8. Bc4 Nc6 9. Qd2 Nxd4 10. Bxd4 Be6 11. Bxe6 fxe6 12. O-O-O Qa5 13. Kb1 b5 14. h4 b4 15. Ne2 Rab8 16. g4 Qb5 17. h5 a5 18. hxg6 hxg6 19. Ng3 a4 20. Rh2 b3 21. cxb3 axb3 22. a3 Rbc8 23. Bc3 Rxc3 24. bxc3 Ra8 25. Qb2 Nd7 26. Ne2 Nc5 27. Nd4 Qc4 28. Qe2 Qxc3 29. Qd2 Qc4 30. Qe2 Qa4 31. Qb2 Rf8 32. g5 Rxf3 33. Rdh1 Qxd4 34. Rh8+ Bxh8 35. Rxh8+ Qxh8 0-1


[Site "https://www.chess.com"]

[Event "Titled Tuesday Blitz December 27 Early 2022"]
[White "Erzhanov, Arman"]
[Black "Babazada, Khazar"]
[WhiteFideId "4138821"]
[BlackFideId "13413554"]
[WhiteElo "2228"]
[BlackElo "2474"]
[Result "0-1"]
[Round "03"]
[TimeControl "180+2"]
[Date "2022.12.27"]
[WhiteClock "0:01:15"]
[BlackClock "0:01:51"]

1. e4 e5 2. Nf3 Nc6 3. Bb5 a6 4. Bxc6 dxc6 5. O-O f6 6. d4 exd4 7. Nxd4 c5 8. Ne2 Qxd1 9. Rxd1 Bd7 10. Be3 O-O-O 11. Nbc3 Bd6 12. Bf4 Bxf4 13. Nxf4 Nh6 14. f3 b6 15. Rd2 Rde8 16. Rad1 Bc6 17. Ncd5 f5 18. exf5 Nxf5 19. Kf2 Rhf8 20. Re1 Rxe1 21. Kxe1 g5 22. Ne7+ Nxe7 23. Ne6 Rf6 24. Rd8+ Kb7 25. Nxg5 h6 26. Nh3 Nd5 27. Kf2 Nb4 28. c3 Nxa2 29. Rd1 b5 30. Ra1 Bd5 31. Ke3 b4 32. Nf4 Bc4 33. b3 Bxb3 34. cxb4 cxb4 35. Rb1 Bc2 36. Rb2 b3 37. Nd5 Re6+ 38. Kd2 c5 39. Ne3 Rxe3 40. Kxe3 c4 0-1


[Site "https://www.chess.com"]

[Event "Titled Tuesday Blitz December 27 Early 2022"]
[White "Ezat, Mohamed"]
[Black "Antonio, Jorge Carlos"]
[WhiteFideId "10600906"]
[BlackFideId "113190"]
[WhiteElo "2402"]
[BlackElo "2277"]
[Result "1-0"]
[Round "03"]
[TimeControl "180+2"]
[Date "2022.12.27"]
[WhiteClock "0:01:01"]
[BlackClock "0:01:35"]

1. d4 d5 2. c4 c6 3. Nc3 Nf6 4. cxd5 cxd5 5. Bf4 e6 6. e3 Bd6 7. Bxd6 Qxd6 8. f4 Bd7 9. Nf3 a6 10. Bd3 Qb6 11. Qe2 Nc6 12. O-O Na7 13. Ne5 Bb5 14. Nxb5 Nxb5 15. f5 Nd6 16. fxe6 fxe6 17. Kh1 O-O 18. Rf3 Nfe4 19. Nd7 Qc7 20. Nxf8 Rxf8 21. Rxf8+ Kxf8 22. Rf1+ Kg8 23. Qg4 Qe7 24. Qf4 b5 25. Bxe4 Nxe4 26. Qb8+ 1-0


[Site "https://www.chess.com"]

[Event "Titled Tuesday Blitz December 27 Early 2022"]
[White "Federzoni, Enzo"]
[Black "Itgelt, Khuyagtsogt"]
[WhiteFideId "2173301"]
[BlackFideId "4902912"]
[WhiteElo "2133"]
[BlackElo "2261"]
[Result "0-1"]
[Round "03"]
[TimeControl "180+2"]
[Date "2022.12.27"]
[WhiteClock "0:02:05"]
[BlackClock "0:02:05"]

1. e4 e5 2. Nf3 Nc6 3. d4 exd4 4. Nxd4 Nf6 5. Nc3 Bb4 6. Nxc6 bxc6 7. Bd3 d5 8. exd5 Qe7+ 9. Qe2 Qxe2+ 10. Bxe2 cxd5 11. Bd2 c6 12. O-O-O O-O 13. Bf3 Bc5 14. Rhf1 Ba6 15. Be2 Bxe2 16. Nxe2 Ne4 17. f3 Nxd2 18. Kxd2 Rab8 19. b3 Rfe8 20. Ng3 Be3+ 21. Kd3 g6 22. Rfe1 Bf2 23. Re2 Rxe2 24. Nxe2 Re8 25. Rf1 Bb6 26. Kd2 Kf8 27. Nf4 Be3+ 0-1


[Site "https://www.chess.com"]

[Event "Titled Tuesday Blitz December 27 Early 2022"]
[White "Fernandez Garcia, Gumersindo"]
[Black "Almeida Junior, Alvaro Alves de"]
[WhiteFideId "24516740"]
[BlackFideId "2149974"]
[WhiteElo "2160"]
[BlackElo "2062"]
[Result "1-0"]
[Round "03"]
[TimeControl "180+2"]
[Date "2022.12.27"]
[WhiteClock "0:01:05"]
[BlackClock "0:02:12"]

1. e4 c5 2. c3 Nf6 3. e5 Nd5 4. d4 cxd4 5. cxd4 Nc6 6. Nf3 d6 7. Bc4 e6 8. O-O Be7 9. Nbd2 O-O 10. Ne4 dxe5 11. dxe5 Qc7 12. Bxd5 exd5 13. Qxd5 Be6 14. Qb5 a6 15. Qe2 Nxe5 16. Bf4 Nxf3+ 17. Qxf3 Qb6 18. Be5 f6 19. Bc3 Bb4 20. Rfe1 Bd5 21. Nxf6+ gxf6 22. Qxd5+ Kh8 23. Re6 1-0


[Site "https://www.chess.com"]

[Event "Titled Tuesday Blitz December 27 Early 2022"]
[White "Firouzja, Alireza"]
[Black "Shipov, Sergei"]
[WhiteFideId "12573981"]
[BlackFideId "4113624"]
[WhiteElo "2785"]
[BlackElo "2541"]
[Result "1-0"]
[Round "03"]
[TimeControl "180+2"]
[Date "2022.12.27"]
[WhiteClock "0:00:10"]
[BlackClock "0:00:03"]

1. e4 e6 2. d4 d5 3. Nc3 Bb4 4. e5 c5 5. a3 Ba5 6. Bd2 Nc6 7. dxc5 Nxe5 8. Nb5 Bc7 9. Qe2 Nf6 10. O-O-O O-O 11. Kb1 Nc6 12. g4 Ne4 13. Be3 b6 14. Bg2 Nxc5 15. c4 Ba6 16. cxd5 exd5 17. Bxd5 Qf6 18. Nf3 Rad8 19. Bc4 Na5 20. Rxd8 Rxd8 21. Bg5 Qg6+ 22. Ka1 Rc8 23. Bd5 h6 24. h4 Qd3 25. Qxd3 Nxd3 26. Nxc7 Rxc7 27. Be3 Nc4 28. Bd4 Rd7 29. Bc6 Rd6 30. Be4 Nc5 31. Bxc5 bxc5 32. Rc1 g6 33. Kb1 Kg7 34. Ka2 Rb6 35. b3 Nd6 36. Bd5 1-0


[Site "https://www.chess.com"]

[Event "Titled Tuesday Blitz December 27 Early 2022"]
[White "Flynn, Jacob"]
[Black "Sourath Biswas"]
[WhiteFideId "2509393"]
[BlackFideId "35091484"]
[WhiteElo "2102"]
[BlackElo "2281"]
[Result "0-1"]
[Round "03"]
[TimeControl "180+2"]
[Date "2022.12.27"]
[WhiteClock "0:00:04"]
[BlackClock "0:00:09"]

1. d4 Nf6 2. c4 g6 3. Nc3 Bg7 4. e4 O-O 5. Nf3 d6 6. Be2 Nbd7 7. Be3 e5 8. d5 Qe7 9. Nd2 Kh8 10. g4 Ng8 11. h4 f5 12. f3 Ndf6 13. g5 Nh5 14. Qc2 Nf4 15. O-O-O c6 16. Kb1 cxd5 17. Bxf4 exf4 18. Nxd5 Qe5 19. Nb3 fxe4 20. fxe4 f3 21. Bd3 Bg4 22. Rdg1 Bh5 23. Rf1 Rac8 24. Rf2 b5 25. c5 dxc5 26. Bxb5 c4 27. Na5 Rc5 28. Nxc4 Qb8 29. Ba4 Rfc8 30. Bb3 a5 31. Nde3 Ne7 32. Qd3 Rd8 33. Qc2 Nc6 34. Nd5 Nd4 35. Qd3 Rdc8 36. Re1 a4 37. Bxa4 Rxc4 38. Bd7 R8c5 39. e5 Rxd5 40. Qxc4 Rxe5 41. Rd1 Re2 0-1


[Site "https://www.chess.com"]

[Event "Titled Tuesday Blitz December 27 Early 2022"]
[White "Gabdrakhmanov, Azat"]
[Black "Buscar, Michael"]
[WhiteFideId "34189197"]
[BlackFideId "2603616"]
[WhiteElo "2316"]
[BlackElo "2041"]
[Result "1-0"]
[Round "03"]
[TimeControl "180+2"]
[Date "2022.12.27"]
[WhiteClock "0:00:08"]
[BlackClock "0:00:09"]

1. e4 e5 2. Nf3 Nf6 3. d4 Nxe4 4. Bd3 d5 5. dxe5 Bg4 6. O-O Be7 7. h3 Bh5 8. Nc3 Nxc3 9. bxc3 O-O 10. Bf4 Nd7 11. Rb1 Nc5 12. Be2 Ne4 13. Rb3 b6 14. Nd4 Bxe2 15. Qxe2 Qd7 16. c4 Nc5 17. Rg3 dxc4 18. Qxc4 Rfd8 19. Nb3 Qd5 20. Qe2 Ne6 21. Bc1 a5 22. a4 Bf8 23. Kh1 Nd4 24. Nxd4 Qxd4 25. Rg4 Qd5 26. f4 c6 27. f5 b5 28. e6 fxe6 29. fxe6 Re8 30. Re4 bxa4 31. e7 a3 32. exf8=Q+ Rxf8 33. Rxf8+ Rxf8 34. Bxa3 c5 35. Re5 Qa2 36. Bxc5 Qa1+ 37. Kh2 Rf1 38. Re8+ Kf7 39. Qe6# 1-0


[Site "https://www.chess.com"]

[Event "Titled Tuesday Blitz December 27 Early 2022"]
[White "Golizadeh, Asghar"]
[Black "Bortnyk, Olexandr"]
[WhiteFideId "12505269"]
[BlackFideId "14120828"]
[WhiteElo "2455"]
[BlackElo "2605"]
[Result "0-1"]
[Round "03"]
[TimeControl "180+2"]
[Date "2022.12.27"]
[WhiteClock "0:00:01"]
[BlackClock "0:00:28"]

1. e4 Nf6 2. Nc3 d5 3. exd5 Nxd5 4. Bc4 Nb6 5. Bb3 c5 6. d3 Nc6 7. Nf3 Bf5 8. O-O e6 9. a4 Na5 10. Ba2 Be7 11. Be3 O-O 12. Ne4 Qc7 13. Ng3 Bg6 14. Bd2 Nc6 15. a5 Nd5 16. a6 b6 17. Bxd5 exd5 18. Re1 Rfe8 19. h4 h6 20. h5 Bh7 21. Nh2 Bf6 22. Ng4 Bxb2 23. Rb1 Rxe1+ 24. Qxe1 Be5 25. Nxe5 Qxe5 26. Qxe5 Nxe5 27. Re1 Nc6 28. Ne2 Bf5 29. Nc3 Rd8 30. Nb5 Bc8 31. Ra1 f6 32. Bf4 d4 33. Bc7 Re8 34. Nd6 Rf8 35. Bxb6 axb6 36. a7 Nxa7 37. Rxa7 Bg4 38. f3 Bxh5 39. Nf5 Rf7 40. Ra8+ Kh7 41. Rb8 Bg6 42. Nd6 Re7 43. Kf2 Ra7 44. Ke2 Ra2 45. Kd2 Ra1 46. Rxb6 Rg1 47. g4 Rg2+ 48. Kd1 Rf2 49. Rc6 Rxf3 50. Rxc5 Rg3 51. Nf5 Rxg4 52. Ne7 h5 0-1


[Site "https://www.chess.com"]

[Event "Titled Tuesday Blitz December 27 Early 2022"]
[White "Goltsev, Dmitry"]
[Black "Goncalves, Davi Sulzbacher"]
[WhiteFideId "24176710"]
[BlackFideId "2154510"]
[WhiteElo "2269"]
[BlackElo "2282"]
[Result "1-0"]
[Round "03"]
[TimeControl "180+2"]
[Date "2022.12.27"]
[WhiteClock "0:01:57"]
[BlackClock "0:00:07"]

1. e4 c5 2. Nf3 Nc6 3. d4 cxd4 4. Nxd4 Nf6 5. Nc3 e5 6. Nf5 d5 7. exd5 Bxf5 8. dxc6 bxc6 9. Bd3 Bxd3 10. Qxd3 Qxd3 11. cxd3 Bb4 12. Ke2 Bxc3 13. bxc3 Kd7 14. c4 Rhb8 15. Ba3 Rb7 16. Rab1 Rab8 17. Rxb7+ Rxb7 18. Kd2 Ke6 19. Kc2 Ng4 20. Bc5 f5 21. Re1 g5 22. f3 Nf6 23. g3 h5 24. Bd4 Nd7 25. f4 gxf4 26. gxf4 e4 27. Rg1 c5 28. Rg6+ Kf7 29. Rg7+ Kf8 30. Bc3 e3 31. Rg5 Ke7 32. Rxf5 h4 33. Rh5 Nb6 34. Rh7+ 1-0


[Site "https://www.chess.com"]

[Event "Titled Tuesday Blitz December 27 Early 2022"]
[White "Gorodetzky, David"]
[Black "Klose, Eli"]
[WhiteFideId "2813416"]
[BlackFideId "16242955"]
[WhiteElo "2485"]
[BlackElo "1519"]
[Result "1-0"]
[Round "03"]
[TimeControl "180+2"]
[Date "2022.12.27"]
[WhiteClock "0:00:08"]
[BlackClock "0:00:13"]

1. d4 Nf6 2. Nc3 d5 3. Bf4 e6 4. Nb5 Na6 5. e3 c6 6. Nc3 Nc7 7. Bd3 Bd6 8. Nf3 O-O 9. O-O Re8 10. Bxd6 Qxd6 11. e4 dxe4 12. Nxe4 Nxe4 13. Bxe4 Nd5 14. c3 Nf6 15. Bc2 b6 16. Ne5 Bb7 17. Qf3 Rab8 18. Rad1 c5 19. Qg3 Be4 20. Bb3 Qc7 21. dxc5 bxc5 22. Rfe1 Bd5 23. c4 Be4 24. f3 Bg6 25. Nd7 Qxg3 26. hxg3 Nxd7 27. Rxd7 a5 28. Re5 a4 29. Bxa4 Rxb2 30. Rxc5 Rxa2 31. Bc6 h5 32. Ra7 Rxa7 33. Bxe8 Ra1+ 34. Kh2 Rc1 35. Rc8 Kf8 36. c5 Ke7 37. Bb5 Rb1 38. Rb8 Bd3 39. c6 Rxb5 40. c7 Rc5 41. c8=Q Rxc8 42. Rxc8 Kf6 43. Rc5 g6 44. Kg1 Ba6 45. Kf2 Bb7 46. Rc7 Bd5 47. Ke3 Kg7 48. Kf2 Kf6 49. Ra7 Bc4 50. Ra4 Bd5 51. g4 hxg4 52. Rf4+ Kg7 53. Rxg4 Kf6 54. Rb4 g5 55. Ke3 Kg6 56. Rb8 Kf6 57. Rg8 Kf5 58. g3 f6 59. Rd8 Ke5 60. Rb8 Kf5 61. Rb4 Ke5 62. Kf2 Kf5 63. Kg2 Ke5 64. Ra4 g4 65. Rxg4 f5 66. Rf4 Kf6 67. Kf2 Kg5 68. Rb4 Kf6 69. f4 Be4 70. Ke3 Bd5 71. Kd4 Bf3 72. Kc5 Bd1 73. Kd6 Be2 74. Rb8 Bc4 75. Rc8 Bd5 76. Rf8+ Kg7 77. Ke7 Kg6 78. Rf6+ Kh5 79. Rxe6 Kg4 80. Rg6+ Kf3 81. Kf6 Be4 82. Ke5 Ke3 83. g4 fxg4 84. Rxg4 Bf3 85. Rg3 Kf2 86. Rxf3+ Kxf3 87. f5 1-0


[Site "https://www.chess.com"]

[Event "Titled Tuesday Blitz December 27 Early 2022"]
[White "Graca, Robert"]
[Black "Ardila, Oscar Humberto"]
[WhiteFideId "644943"]
[BlackFideId "4404742"]
[WhiteElo "2270"]
[BlackElo "1982"]
[Result "1-0"]
[Round "03"]
[TimeControl "180+2"]
[Date "2022.12.27"]
[WhiteClock "0:00:17"]
[BlackClock "0:00:18"]

1. Nf3 Nf6 2. c4 g6 3. Nc3 Bg7 4. e4 d6 5. d4 O-O 6. Be2 Bg4 7. Ng1 Bxe2 8. Ngxe2 Nbd7 9. O-O c6 10. f3 Qc7 11. Be3 e5 12. d5 cxd5 13. cxd5 a6 14. Rc1 Qa5 15. Qd2 Rac8 16. Rc2 Nh5 17. a3 f5 18. Ra1 fxe4 19. fxe4 Nf4 20. b4 Nxe2+ 21. Nxe2 Rxc2 22. Qxc2 Qb5 23. Rc1 Nf6 24. Bg5 Ng4 25. h3 Bh6 26. Bxh6 Nxh6 27. Nc3 Qc4 28. Qe2 Rc8 29. Qxc4 Rxc4 30. Kf2 Nf7 31. Ke3 Ng5 32. Kd3 Rd4+ 33. Ke3 a5 34. h4 axb4 35. axb4 Nf7 36. Rb1 g5 37. g3 gxh4 38. gxh4 Kg7 39. Nb5 Kh6 40. Nxd4 exd4+ 41. Kxd4 Kh5 42. Rf1 Ne5 43. Rf6 Kxh4 44. Rh6+ Kg5 45. Rxh7 Nf3+ 46. Ke3 Ne5 47. Rxb7 Kf6 48. Ra7 Nc4+ 49. Kd4 Nd2 50. b5 Nb3+ 51. Kc4 Nc5 52. b6 Nxe4 53. b7 1-0


[Site "https://www.chess.com"]

[Event "Titled Tuesday Blitz December 27 Early 2022"]
[White "Graham, Nathaniel"]
[Black "Fernandez Siles, Luis"]
[WhiteFideId "2007983"]
[BlackFideId "2209420"]
[WhiteElo "2262"]
[BlackElo "2218"]
[Result "1-0"]
[Round "03"]
[TimeControl "180+2"]
[Date "2022.12.27"]
[WhiteClock "0:00:05"]
[BlackClock "0:00:02"]

1. e4 c5 2. Nf3 Nc6 3. d4 cxd4 4. Nxd4 Nf6 5. Nc3 e5 6. Ndb5 d6 7. Bg5 a6 8. Na3 b5 9. Nd5 Be7 10. Bxf6 Bxf6 11. c3 O-O 12. Nc2 Rb8 13. Ncb4 Bb7 14. Nxc6 Bxc6 15. Be2 Bg5 16. O-O a5 17. a3 Qd7 18. Qd3 Qb7 19. Rad1 b4 20. cxb4 axb4 21. axb4 Bxd5 22. Qxd5 Qxb4 23. Rb1 Bd8 24. Bc4 Bb6 25. b3 Bc5 26. Rbd1 g6 27. Rd3 Kg7 28. Rf3 f6 29. Qe6 Qb7 30. g3 Rbe8 31. Qd5 Qxd5 32. Bxd5 Bd4 33. Rc1 Rc8 34. Bc4 Rc7 35. Rd3 Ra8 36. Rc2 Ra1+ 37. Kg2 f5 38. f3 Rc8 39. Rdd2 fxe4 40. fxe4 Rf8 41. Ra2 Rg1+ 42. Kh3 h5 43. Bd5 g5 44. Be6 h4 45. Bf5 hxg3 46. hxg3 Rh8+ 47. Kg4 Kf6 48. Ra6 Rf1 49. Rxd6+ Ke7 50. Re6+ Kf7 51. Rc6 1-0


[Site "https://www.chess.com"]

[Event "Titled Tuesday Blitz December 27 Early 2022"]
[White "Grigoriants, Sergey"]
[Black "Barp, Alberto"]
[WhiteFideId "4130804"]
[BlackFideId "872555"]
[WhiteElo "2562"]
[BlackElo "2432"]
[Result "0-1"]
[Round "03"]
[TimeControl "180+2"]
[Date "2022.12.27"]
[WhiteClock "0:00:28"]
[BlackClock "0:00:35"]

1. c4 c5 2. Nf3 Nf6 3. Nc3 d5 4. cxd5 Nxd5 5. e3 e6 6. d4 Nc6 7. Bd3 Be7 8. O-O O-O 9. a3 cxd4 10. exd4 Bf6 11. Bc2 b6 12. Qd3 g6 13. Bh6 Re8 14. Ne4 Bg7 15. Bxg7 Kxg7 16. Ba4 Bb7 17. h4 Nf6 18. Ng3 e5 19. Rfe1 exd4 20. Rxe8 Qxe8 21. Re1 Qd7 22. Ne5 Nxe5 23. Rxe5 Qxa4 24. h5 Qc6 25. f3 Qc1+ 26. Kh2 Qf4 0-1


[Site "https://www.chess.com"]

[Event "Titled Tuesday Blitz December 27 Early 2022"]
[White "Grigorov, Grigor"]
[Black "Moral Garcia, Serafin"]
[WhiteFideId "2907313"]
[BlackFideId "2201925"]
[WhiteElo "2510"]
[BlackElo "2238"]
[Result "1-0"]
[Round "03"]
[TimeControl "180+2"]
[Date "2022.12.27"]
[WhiteClock "0:00:41"]
[BlackClock "0:00:15"]

1. Nf3 Nf6 2. d4 g6 3. Bg5 Bg7 4. Nbd2 d5 5. e3 O-O 6. Be2 c5 7. c3 b6 8. O-O Nc6 9. h3 Re8 10. Qa4 Bd7 11. Qa3 cxd4 12. cxd4 a5 13. Rac1 Qb8 14. Bb5 Qb7 15. Qa4 Rec8 16. a3 Nb8 17. Ne5 Bxb5 18. Qxb5 Nbd7 19. Nxd7 Qxd7 20. Qxd7 Nxd7 21. Bxe7 Bf8 22. Bxf8 Kxf8 23. Nb1 Ke7 24. Nc3 Ke6 25. Nb5 Rab8 26. f3 f5 27. Kf2 Nf6 28. a4 Ne8 29. b3 Kd7 30. Na7 Rxc1 31. Rxc1 Nd6 32. Nc6 Rc8 33. Ne5+ Ke6 34. Rxc8 Nxc8 35. g4 Nd6 36. Kg3 b5 37. Kf2 bxa4 38. bxa4 Nc8 39. Nc6 Nb6 40. Nxa5 Nxa4 41. Kg3 Nc3 42. Kf2 Nd1+ 43. Ke2 Nc3+ 44. Kd2 Nb5 45. Nb7 fxg4 46. hxg4 h5 47. gxh5 gxh5 48. Ke2 Nd6 49. Nxd6 Kxd6 50. e4 dxe4 51. fxe4 Ke6 52. Kf3 Kf6 53. Kf4 1-0


[Site "https://www.chess.com"]

[Event "Titled Tuesday Blitz December 27 Early 2022"]
[White "Guevara Sanchez, Erick Marvin"]
[Black "Guha, Eshan"]
[WhiteFideId "6700136"]
[BlackFideId "30958628"]
[WhiteElo "2073"]
[BlackElo "2071"]
[Result "0-1"]
[Round "03"]
[TimeControl "180+2"]
[Date "2022.12.27"]
[WhiteClock "0:00:15"]
[BlackClock "0:00:17"]

1. e4 c5 2. Nf3 d6 3. d4 cxd4 4. Nxd4 Nf6 5. Nc3 a6 6. Be2 e5 7. Nb3 Be7 8. O-O O-O 9. a4 Nc6 10. Be3 Be6 11. Kh1 Rc8 12. g4 Nd7 13. Nd5 Bxd5 14. exd5 Na5 15. Nd2 Nb6 16. b4 Nac4 17. Nxc4 Nxc4 18. Qd3 Nxe3 19. fxe3 e4 20. Qxe4 Bf6 21. Rad1 Be5 22. Bd3 g6 23. Qg2 Qb6 24. b5 a5 25. e4 Qd8 26. g5 Rc5 27. c4 b6 28. h4 h6 29. Qg4 h5 30. Qh3 Kg7 31. Rf3 Rc7 32. Rdf1 Qd7 33. Qxd7 Rxd7 34. R3f2 Bg3 35. Rg2 Be5 36. Rf3 Re7 37. Kg1 Bd4+ 38. Kf1 Be5 39. Re2 f6 40. Ref2 Ref7 41. gxf6+ Rxf6 42. Rxf6 Rxf6 43. Rxf6 Bxf6 44. Kg2 Bxh4 45. Kh3 Bf6 46. Kg3 Be5+ 47. Kh4 Kf6 48. Be2 Bf4 49. Bf3 Ke5 50. Bxh5 gxh5 51. Kxh5 Kxe4 52. Kg6 Kd4 53. Kf6 Be5+ 54. Ke6 Kxc4 55. Kd7 Kxd5 56. Kc7 Kc5 57. Kb7 d5 58. Ka6 d4 59. Kb7 d3 60. Ka6 d2 61. Kb7 d1=Q 62. Ka6 Qd8 63. Kb7 Qb8+ 64. Ka6 Qa8# 0-1


[Site "https://www.chess.com"]

[Event "Titled Tuesday Blitz December 27 Early 2022"]
[White "Guliev, Logman"]
[Black "Mendez Fortes, Eduardo Jesus"]
[WhiteFideId "13400061"]
[BlackFideId "3502376"]
[WhiteElo "2250"]
[BlackElo "2250"]
[Result "1-0"]
[Round "03"]
[TimeControl "180+2"]
[Date "2022.12.27"]
[WhiteClock "0:00:41"]
[BlackClock "0:00:15"]

1. e4 e5 2. Nf3 Nc6 3. Bb5 Nf6 4. d3 Bc5 5. O-O d6 6. Nbd2 O-O 7. Bxc6 bxc6 8. c3 Bb6 9. Nc4 h6 10. h3 c5 11. a4 c6 12. Be3 Bc7 13. b4 d5 14. Ncxe5 Bxe5 15. Nxe5 Qd6 16. f4 cxb4 17. cxb4 Rd8 18. Bc5 Qe6 19. Qe2 Ba6 20. exd5 Rxd5 21. Rae1 Re8 22. Qf2 Qc8 23. Re3 Qb7 24. Rfe1 Red8 25. d4 Rb8 26. Qh4 Kh8 27. Rg3 Rbd8 28. Be7 Nh7 29. Bxd8 f6 30. Ng6+ Kg8 31. Re8+ Kf7 32. Re7+ 1-0


[Site "https://www.chess.com"]

[Event "Titled Tuesday Blitz December 27 Early 2022"]
[White "Gurevich, Dmitry"]
[Black "Svane, Frederik"]
[WhiteFideId "2000407"]
[BlackFideId "12923044"]
[WhiteElo "2393"]
[BlackElo "2600"]
[Result "1-0"]
[Round "03"]
[TimeControl "180+2"]
[Date "2022.12.27"]
[WhiteClock "0:00:05"]
[BlackClock "0:00:03"]

1. d4 Nf6 2. c4 e6 3. Nc3 Bb4 4. a3 Bxc3+ 5. bxc3 Nc6 6. e3 b6 7. Bd3 Ba6 8. e4 Na5 9. e5 Ng8 10. Qg4 Kf8 11. Qe2 d6 12. Nf3 Qd7 13. O-O Rc8 14. Bf4 Ne7 15. Ng5 h6 16. exd6 cxd6 17. Ne4 Nb7 18. a4 Qc6 19. a5 bxa5 20. c5 Bxd3 21. Qxd3 dxc5 22. dxc5 Kg8 23. Rfd1 Nd5 24. Bd6 f5 25. Ng3 Nxc5 26. Bxc5 Qxc5 27. Qa6 Qb6 28. Qxc8+ Kh7 29. Qc4 Nf6 30. Qd4 Qc6 31. Re1 Rb8 32. Qe5 Rb6 33. h3 a4 34. Qa5 Ra6 35. Qb4 Nd5 36. Qd4 a3 37. c4 Nb4 38. Qc3 Ra4 39. c5 a5 40. Qc4 Nd5 41. Qc2 g6 42. h4 Rxh4 43. Rxa3 f4 44. Ne4 f3 45. Rxf3 Kg7 46. Qb2+ Kg8 47. Nf6+ Nxf6 48. Qxf6 Qe8 49. Rxe6 Re4 50. Rxe8+ Kh7 51. Qf7# 1-0


[Site "https://www.chess.com"]